AoeStats
← jusart.92

Arena

510347267Analyzed
3v3 RM · 1d ago on Sep 30, 2026· 44m 4s· 6 players
Game mode
Random Map
Map size
Normal (6 player)
Population
200
Speed
Normal
Resources
Standard
Victory
Conquest
Starting age
Dark Age
Ending age
Imperial Age
RankedLock teamsTeams togetherTeam positionsShared explorationLock speedFull tech treeHidden civsTurbo modeCheats
Victory
Defeat
🇲🇽 Danes · Mexico
1187
+13
🇦🇷 Bohemians · Argentina
1172
+13
🇩🇪 Persians · Germany
1057
+18
🇪🇸 Danes · Spain
1139
-16
🇩🇪 Hindustanis · Germany
1099
-14
🇩🇪 Poles · Germany
1097
-14
lamanito6
2:40 Loom
9:18 Feudal Age
9:44 Double-Bit Axe
11:49 Horse Collar
17:33 Castle Age
16:12 Gold Mining
16:14 Stone Mining
18:37 Wheelbarrow
23:35 Scale Mail Armor
25:33 Squires
30:16 Imperial Age
28:32 Arson
28:33 Gambesons
29:06 Chain Mail Armor
29:01 Forging
30:29 Hamask
30:59 Elite Varangian Guard
32:12 Plate Mail Armor
32:17 Iron Casting
33:32 Iron Casting
35:51 Pikeman
36:42 Halberdier
Huly
11:35 Feudal Age
12:11 Loom
13:26 Double-Bit Axe
13:53 Horse Collar
15:22 Scale Barding Armor
18:09 Castle Age
17:35 Gold Mining
18:25 Town Watch
21:50 Scale Mail Armor
22:01 Forging
22:15 Padded Archer Armor
22:06 Fletching
24:22 Gold Shaft Mining
24:57 Fletching
26:09 Crossbowman
29:20 Bow Saw
30:37 Fletching
30:48 Padded Archer Armor
32:32 Bloodlines
33:44 Bodkin Arrow
34:20 Grand Trunk Road
36:08 Ballistics
36:00 Masonry
36:09 Thumb Ring
37:41 Wheelbarrow
38:40 Hand Cart
38:27 Heavy Plow
40:11 Fortified Wall
43:47 Husbandry
Libera
11:34 Feudal Age
15:54 Castle Age
13:41 Double-Bit Axe
13:52 Horse Collar
16:17 Bloodlines
16:51 Bow Saw
16:38 Light Cavalry
18:11 Bow Saw
25:50 Wheelbarrow
25:00 Town Watch
27:37 Hand Cart
27:21 Gold Mining
29:38 Stone Mining
32:42 Imperial Age
30:18 Town Patrol
31:29 Husbandry
32:54 Stone Shaft Mining
32:43 Scale Barding Armor
32:45 Cavalier
34:03 Lechitic Legacy
33:50 Szlachta Privileges
34:06 Conscription
34:56 Chain Barding Armor
35:23 Heavy Plow
36:59 Forging
37:20 Winged Hussar
39:51 Hoardings
42:26 Iron Casting
theDude
10:51 Feudal Age
14:40 Castle Age
12:51 Double-Bit Axe
14:05 Horse Collar
14:52 Gold Mining
15:34 Town Watch
16:27 Wheelbarrow
21:39 Heavy Plow
23:26 Bow Saw
24:18 Stone Mining
25:58 Stone Shaft Mining
26:37 Loom
28:25 Gold Shaft Mining
30:55 Imperial Age
29:07 Hand Cart
31:20 Forging
31:16 Scale Barding Armor
32:05 Conscription
33:28 Two-Man Saw
33:00 Crop Rotation
32:11 Elite War Elephant
34:57 Citadels
35:20 Chain Barding Armor
35:36 Iron Casting
34:53 Fletching
36:06 Chemistry
36:02 Husbandry
36:18 Bloodlines
36:02 Light Cavalry
37:56 Plate Barding Armor
39:53 Blast Furnace
38:54 Scale Mail Armor
39:57 Pikeman
41:27 Squires
41:13 Gambesons
41:04 Halberdier
44:30 Chain Mail Armor
44:11 Bodkin Arrow
44:40 Ballistics
44:26 Town Patrol
jusart.92
9:51 Feudal Age
11:23 Loom
14:24 Castle Age
14:13 Double-Bit Axe
25:26 Redemption
25:36 Sanctity
25:27 Fervor
27:01 Forging
26:52 Scale Mail Armor
29:19 Iron Casting
29:00 Chain Mail Armor
34:15 Imperial Age
34:12 Wheelbarrow
33:23 Town Watch
36:26 Blast Furnace
35:57 Plate Mail Armor
36:13 Conscription
36:43 Block Printing
37:35 Illumination
37:44 Hand Cart
37:29 Town Patrol
37:21 Gambesons
37:36 Squires
38:43 Arson
38:25 Hamask
39:34 Horse Collar
Tomii610
10:10 Feudal Age
13:56 Castle Age
12:17 Double-Bit Axe
14:12 Horse Collar
17:20 Loom
23:17 Bow Saw
23:10 Heavy Plow
24:51 Ballistics
26:18 Wheelbarrow
30:41 Imperial Age
29:13 Pikeman
30:33 Forging
30:23 Scale Mail Armor
30:14 Fletching
30:25 Padded Archer Armor
30:49 Hand Cart
32:37 Chemistry
31:37 Murder Holes
32:01 Squires
34:09 Conscription
34:21 Arson
35:39 Halberdier
36:53 Bodkin Arrow
37:35 Iron Casting
37:15 Chain Mail Armor
44:05 Blast Furnace
43:36 Plate Mail Armor
43:02 Houfnice
Connection lost

Rejoining the realm…

Still unreachable

The connection could not be restored.

Session expired

The server has moved on; the page needs a fresh start.